Match 24890932
Unlisted

Match 24890932
End
Kettenkrad Recon Vehicle
Construct Infanterie Kompanie
MG 42 Machine Gun Team
Selects Mechanized Battlegroup
Grenadier Squad
GrW 34 Mortar Team
Selects Spotting Scopes
Construct Luftwaffe Kompanie
MG 42 Bunker
Jäger Squad
Support Elements
Flak 30 Anti-aircraft Gun Team
Wirbelwind Flakpanzer
Jäger Squad
Selects Wespe Self-propelled Artillery
montheponies
Kaspan
Smahboi_Carti
♛ L E O N I D A S
SneaKerz
Skoon
Maschinengewehr42
gb_gbg
0
0

Comments sign in to comment!

No comments posted yet!